 Dungeon Crawl Stone Soup version 0.27-a0-333-gfa571bf19a (webtiles) character file.

Game seed: 5849781981971357413

41 inc the Vexing (level 3, 0/14 HPs)
             Began as a Felid Enchanter on Feb 12, 2021.
             Shot with a stone by a goblin (3 damage)
             ... on level 2 of the Dungeon.
             The game lasted 00:02:35 (2341 turns).

inc the Vexing (Felid Enchanter)                    Turns: 2341, Time: 00:02:36

Health: 0/14       AC:  1    Str:  4    XL:     3   Next: 32%
Magic:  0/7        EV: 18    Int: 17    God:
Gold:   109        SH:  0    Dex: 16    Spells: 3/6 levels left
                                        Lives:  0   Deaths: 0

rFire    . . .     SeeInvis +     - Unarmed
rCold    . . .     Faith    .   (shield unavailable)
rNeg     . . .     Spirit   .   (armour unavailable)
rPois    .         Reflect  .   (helmet unavailable)
rElec    .         Harm     .   (cloak unavailable)
rCorr    .         Rampage  .   (gloves unavailable)
Will     .....                  (boots unavailable)
Stlth    +++.......             (no amulet)
HPRegen  0.04/turn              (no ring)
MPRegen  0.10/turn              (no ring)

@: quick
A: very small, no armour, no weapons or thrown items, stealth, claws 1, fangs 3,
see invisible, speed 1, shaggy fur 1, sharp paws
a: no special abilities


You were on level 2 of the Dungeon.
You visited 1 branch of the dungeon, and saw 2 of its levels.

You collected 109 gold pieces.

Inventory:

Scrolls
 a - a scroll of teleportation {unknown}
 b - 2 scrolls of enchant weapon {unknown}
 c - a scroll of fear {unknown}
 d - a scroll of enchant armour {unknown}


   Skills:
 - Level 2.6 Dodging
 - Level 4.0 Stealth
 - Level 1.0 Unarmed Combat
 - Level 2.0 Spellcasting
 + Level 6.2 Hexes
 + Level 0.8 Ice Magic


You had 3 spell levels left.
You knew the following spells:

 Your Spells              Type           Power        Failure   Level
a - Corona                Hex            24%          1%          1
b - Ensorcelled Hibernat  Hex/Ice        26%          7%          2

Your spell library contained the following spells:

 Spells                   Type           Power        Failure   Level
 Confusing Touch          Hex            22%          4%          3
 Tukima's Dance           Hex            22%          4%          3
 Dazzling Flash           Conj/Hex       24%          16%         3
 Gell's Gravitas          Tloc           0%           50%         3
 Metabolic Englaciation   Hex/Ice        6%           77%         5
 Yara's Violent Unravell  Hex/Tmut       6%           83%         5
 Petrify                  Tmut/Erth      1%           88%         4


Dungeon Overview and Level Annotations

Branches:
Dungeon (2/15)

Altars:


Innate Abilities, Weirdness & Mutations

You cannot wear armour.
You are incapable of wielding weapons or throwing items.
Your paws allow you to move quietly. (Stealth)
You have sharp claws.
You have razor-sharp teeth.
You have supernaturally acute eyesight. (SInv)
You cover ground quickly.
You are covered in fur. (AC +1)
Your sharp claws are effective at attacking unaware monsters.


Message History

Aim: a goblin, wielding a +0 hunting sling and quivering stones (chance to affect: 62%)
The goblin resists with significant effort.
Casting: Ensorcelled Hibernation (safe; 7% risk of failure)
Confirm with . or Enter, or press ? or * to list all spells.
You don't have enough magic to cast this spell.
A goblin is nearby!
Casting: Ensorcelled Hibernation (safe; 7% risk of failure)
Confirm with . or Enter, or press ? or * to list all spells.
You don't have enough magic to cast this spell.
A goblin is nearby!
You barely miss the goblin.
The goblin unwields a +0 hunting sling.
The goblin wields a +0 dagger.
The goblin closely misses you.
You barely miss the goblin. The goblin hits you with a +0 dagger.
You scratch the goblin.
The goblin is moderately wounded.
The goblin hits you with a +0 dagger.
You scratch the goblin but do no damage.
The goblin is moderately wounded.
The goblin completely misses you.
Casting: Ensorcelled Hibernation (safe; 7% risk of failure)
Confirm with . or Enter, or press ? or * to list all spells.
You don't have enough magic to cast this spell.
A goblin is nearby!
The goblin unwields a +0 dagger.
The goblin wields a +0 hunting sling.
The goblin shoots a stone.
The stone closely misses you.
The goblin shoots a stone.
The stone completely misses you.
The goblin shoots a stone.
The stone hits you.
* * * LOW HITPOINT WARNING * * *
The goblin shoots a stone.
The stone misses you.
You see here a +0 club.
The goblin shoots a stone.
The stone hits you.
* * * LOW HITPOINT WARNING * * *
Casting: Ensorcelled Hibernation (safe; 7% risk of failure)
Confirm with . or Enter, or press ? or * to list all spells.
Aiming: Ensorcelled Hibernation (safe; 7% risk of failure)
Press: ? - help, Shift-Dir - straight line, f/p - goblin
Aim: a goblin, wielding a +0 hunting sling and quivering stones (moderately wounded, chance to affect: 62%)
The goblin resists with significant effort.
The goblin shoots a stone.
The stone hits you.
You die...

#....>....# ####### ###
#.........# ##.....## ...##
#.........# ##.......##
....####.......## #.........#
....g##.........## #.........#
.....##..........## #.........#
.....##..g........## #.........#
.[...##............###.........#
...............)@.......).....##
....####.......###...#.....†...#.
..... ##.....## ##..#.........##
...... ####### #..#.........##
.....#. ......#^..........##
.....#.. r.....#...........#.
.....# ## ....(.##...(........
[...## ...... ##...........
...... #..##.#.†...


You could see a goblin.

Vanquished Creatures
  An ooze (D:1)
  A dart slug (D:1)
  A leopard gecko (D:2)
  5 giant cockroaches
  3 goblins
  6 hobgoblins
  A ball python (D:2)
  2 bats (D:2)
  6 frilled lizards
  2 kobolds (D:1)
  5 rats
33 creatures vanquished.

Notes
Turn   | Place    | Note
-------+----------+-------------------------------------------
     0 | D:1      | inc the Felid Enchanter began the quest for the Orb.
     0 | D:1      | Reached XP level 1. HP: 7/7 MP: 4/4
   813 | D:1      | Reached skill level 5 in Hexes
  1156 | D:2      | Reached XP level 2. HP: 11/11 MP: 1/6
  1257 | D:2      | Learned a level 2 spell: Ensorcelled Hibernation
  1570 | D:1      | Reached skill level 6 in Hexes
  1658 | D:1      | Reached XP level 3. HP: 14/14 MP: 7/7
  2341 | D:2      | Shot with a stone by a goblin

Illustrated notes

Levels and vault maps discovered:
D:1:      minmay_arrival_wavy_path, layout_basic
D:2:      layout_rooms, nicolae_overflow_crystal_walls, uniq_robin, uniq_terence

Skill      XL: |  1  2 |
---------------+-------+-----
Hexes          | 5 6 |  6.2
Dodging        | |  2.6
Stealth        | |  4.0
Unarmed Combat | |  1.0
Spellcasting   | |  2.0
Ice Magic      | |  0.8

Action                   || total
-------------------------++-------
Melee: Unarmed           ||    81
       Bite              ||     5
 Cast: Corona            ||    11
       Ensorcelled Hiber ||    24
 Stab: Sleeping          ||    23
Armor: Skin              ||     1
Dodge: Dodged            ||    67

Table legend: (Time is in decaauts)
 A = Elapsed time spent in this place.
 B = Non-inter-level travel time spent in this place.
 C = Inter-level travel time spent in this place.
 D = Time resting spent in this place.
 E = Time spent auto-exploring this place.
 F = Levels seen in this place.
 G = Mean time per level.
                   A        B        C        D        E       F      G
               +--------+--------+--------+--------+--------+-----+--------+
         Total |   2142 |   2128 |     14 |    895 |    833 |   2 | 1071.0 |
       Dungeon |   2142 |   2128 |     14 |    895 |    833 |   2 | 1071.0 |
               +--------+--------+--------+--------+--------+-----+--------+

Top non-repeatable levels by time:
     D:1: 1565 daAuts
     D:2: 576 daAuts
